 Dungeon Crawl Stone Soup version 0.16.0-8-gd9ae3a8 (console) character file.

358600 Fusha the Eclecticist (level 21, -1/177 HPs)
             Began as a Black Draconian Venom Mage on Mar 16, 2015.
             Was the Champion of Elyvilon.
             Shot with a bolt by a yaktaur (25 damage)
             ... led by a yaktaur captain
             ... on level 3 of the Vaults.
             The game lasted 06:33:22 (69051 turns).

Fusha the Eclecticist (Black Draconian Venom Mage) Turns: 69051, Time: 06:33:22

Health: -1/177     AC: 36    Str:  7    XL:     21   Next: 44%
Magic:  38/41      EV: 18    Int: 40    God:    Elyvilon [******]
Gold:   1648       SH:  7    Dex:  9    Spells: 12 memorised, 5 levels left

rFire  + . .     SeeInvis .     H - +10 long sword {slice, MR+ Str-4 Int+6 Dex-4}
rCold  . . .     Clarity  .     (armour unavailable)
rNeg   . . .     SustAb   .     j - +3 buckler {AC+3}
rPois  .         Gourm    .     k - +2 hat {MR+}
rElec  +         Spirit   .     z - +2 cloak {MR+}
rCorr  .         Warding  .     B - +3 pair of gauntlets of War {Slay+5}
rMut   .         Stasis   .     w - +2 pair of boots {run}
MR     ++++.                    G - amulet of regeneration
Stlth  +++.......               d - +4 ring of intelligence
                                I - +6 ring of intelligence

@: icy armour, about to teleport, flying, quick, incredibly resistant to hostile
enchantments, fairly stealthy
A: breathe lightning, able to fly continuously, unfitting armour, big wings,
fire resistance 1, electricity resistance, cold-blooded, AC +11
a: Breathe Lightning, Stop Flying, Lesser Healing, Divine Protection, Heal
Other, Purification, Greater Healing, Divine Vigour, Renounce Religion
}: 2/15 runes: barnacled, gossamer


You were on level 3 of the Vaults.
You worshipped Elyvilon.
Elyvilon was exalted by your worship.
You were very hungry.

You visited 8 branches of the dungeon, and saw 44 of its levels.
You also visited: Sewer and Ossuary.

You collected 5332 gold pieces.
You spent 3684 gold pieces at shops.

Inventory:

Hand weapons
 H - the +10 long sword of the Fray (weapon) {slice, MR+ Str-4 Int+6 Dex-4}
   (You found it on level 1 of the Shoals)

   It inflicts extra damage upon your enemies.
   It affects your strength (-4).
   It affects your intelligence (+6).
   It affects your dexterity (-4).
   It affects your resistance to hostile enchantments.
Armour
 j - a +3 buckler of protection (worn)
 k - a +2 hat of magic resistance (worn)
 w - a +2 pair of boots of running (worn)
 z - a +2 cloak of magic resistance (worn)
 B - the +3 pair of gauntlets of War (worn) {Slay+5}
   (You found it on level 3 of the Elven Halls)

   It affects your accuracy and damage with ranged weapons and melee attacks
   (+5).
Jewellery
 a - an uncursed ring of protection from fire
 d - a +4 ring of intelligence (right hand)
 h - an uncursed ring of see invisible
 G - an amulet of regeneration (around neck)
 I - a +6 ring of intelligence (left hand)
Magical devices
 b - a wand of teleportation (5)
 n - a wand of slowing (32)
 o - a wand of confusion (38)
 q - a wand of disintegration (4)
 r - a wand of disintegration (10)
 x - a wand of enslavement (9)
 A - a wand of cold (7)
 C - a wand of fireball (6)
 D - a wand of flame (9)
 F - a wand of digging (5)
 K - a wand of frost (16)
 L - a wand of paralysis (16)
 Q - a wand of fireball (7)
 T - a wand of fire (9)
 U - a wand of disintegration (4)
 V - a wand of cold (12)
 Z - a wand of frost (14)
Scrolls
 c - 2 scrolls of identify
 e - 9 scrolls of blinking
 l - 7 scrolls of magic mapping
 u - 16 scrolls of remove curse
 y - 7 scrolls of fear
 E - 5 scrolls of recharging
 J - 7 scrolls of fog
 R - 6 scrolls of teleportation
 X - 3 scrolls of holy word
Potions
 f - a potion of haste
 p - 3 potions of invisibility
 s - 7 potions of restore abilities
 t - 22 potions of curing
 O - 3 potions of might
 P - 3 potions of cancellation
 S - 3 potions of brilliance
 W - 4 potions of berserk rage
 Y - 2 potions of magic
Miscellaneous
 g - a disc of storms
 v - an ornate deck of wonders {Wild Magic, drawn: 1}
 M - a phial of floods
 N - an ornate deck of summoning {the Crusade}
Comestibles
 i - 2 meat rations
 m - a bread ration


   Skills:
 + Level 12.8 Fighting
 + Level 13.4 Long Blades
 + Level 1.8 Throwing
 + Level 15.6 Dodging
 + Level 8.3 Stealth
 - Level 4.0 Shields
 + Level 16.1 Spellcasting
 + Level 12.6 Conjurations
 - Level 1.3 Hexes
 - Level 6.0 Charms
 + Level 3.0 Translocations
 - Level 4.2 Transmutations
 - Level 3.9 Fire Magic
 - Level 5.3 Ice Magic
 + Level 4.8 Air Magic
 + Level 15.3 Poison Magic
 + Level 9.3 Invocations
 + Level 3.7 Evocations


You had 5 spell levels left.
You knew the following spells:

 Your Spells              Type           Power        Failure   Level  Hunger
a - Force Lance           Conj/Tloc      #######.     1%          4    None
b - Mephitic Cloud        Conj/Pois/Air  #######.     1%          3    None
c - Conjure Flame         Conj/Fire      #######.     1%          3    None
d - Cure Poison           Pois           ########..   0%          2    None
e - Poisonous Cloud       Conj/Pois/Air  #######...   1%          6    None
f - Ozocubu's Armour      Chrm/Ice       ######..     1%          3    None
g - Poison Arrow          Conj/Pois      #######...   1%          6    None
h - Ignite Poison         Fire/Trmt      ######....   6%          5    None
j - Spectral Weapon       Hex/Chrm       ######..     1%          3    None
k - Dazzling Spray        Conj/Hex       ######..     1%          3    None
l - Venom Bolt            Conj/Pois      #######...   1%          5    None
m - Olgreb's Toxic Radia  Pois           ########     1%          4    None


Dungeon Overview and Level Annotations

Branches:
Dungeon (15/15)            Temple (0/1) D:5            Lair (8/8) D:11
 Shoals (5/5) Lair:3       Spider (5/5) Lair:5        Slime (1/6) Lair:7
    Orc (4/4) D:11            Elf (3/3) Orc:3        Vaults (3/5) D:14
 Depths (0/5) D:15
  Crypt: Vaults:2-3

Altars:
Gozag
Sif Muna
Xom

Shops:
D:4 ?   D:6 %   D:8 ?   D:15 *(}[:   Orc:1 }=?   Orc:2 (   Orc:4 *:[(
Shoals:2 *


Innate Abilities, Weirdness & Mutations

You can breathe wild blasts of lightning.
You can fly continuously.
Your glossy black scales are hard (AC +11).
Your body does not fit into most forms of armour.
Your wings are large and strong.
You are resistant to electric shocks.
Your cold-blooded metabolism reacts poorly to cold.
Your flesh is heat resistant.


Message History

The yaktaur barely misses you. The yaktaur closely misses you.
Use which ability? (? or * to list)
You are healed.
You are feeling very hungry.
The yaktaur captain hits you.
The yaktaur hits you but does no damage.
The ettin hits you but does no damage. The ettin hits you with a dire flail!
The yaktaur hits you but does no damage.
Read which item? (? for menu, Esc to quit)
As you read the scroll of teleportation, it crumbles to dust.
You feel strangely unstable. The yaktaur captain hits you!
The yaktaur hits you!
* * * LOW HITPOINT WARNING * * *
The ettin barely misses you. The ettin misses you.
The yaktaur completely misses you.
The yaktaur captain hits you but does no damage.
The yaktaur wields an arbalest.
The yaktaur shoots a bolt.
The bolt hits you!!
* * * LOW HITPOINT WARNING * * *
The yaktaur wields an arbalest.
The yaktaur shoots a bolt.
The bolt hits you!!
You die...

'..... #.....#
#.....# #.....#
#.....# #.....#
##########.....#
.......C).#.....#
.....$pc)@(.....#
.......cc.#.....#
.??......#.....#
.........#.....#
####
.........#.....#
#...
........#.....#
#...
########.....#
#... #.....# #...
#.....# #...


You could see a yaktaur captain, an ettin, an ironbrand convoker and 2 yaktaurs.

Vanquished Creatures
  Arachne (Spider:5)
  2 deep elf master archers (Elf:3)
  Asterion (Shoals:3)
  2 deep elf blademasters (Elf:3)
  2 krakens
  Rupert (Elf:1)
  Agnes (Spider:3)
  A sphinx (Vaults:3)
  Frances (D:14)
  A tengu reaver (Vaults:2)
  Roxanne (Shoals:3)
  Ilsuiw (Shoals:5)
  A frost giant (Vaults:2)
  2 fire giants (Vaults:2)
  2 ghost moths (Spider:5)
  Maud (D:14)
  5 deep elf sorcerers (Elf:3)
  9 vault wardens
  Louise (Spider:2)
  9 emperor scorpions
  An orc warlord (Vaults:2)
  Gastronok (Lair:3)
  3 war gargoyles
  9 ironheart preservers
  4 stone giants
  5 very ugly things
  13 deep elf annihilators
  9 deep elf demonologists
  Snorg (Lair:6)
  7 merfolk javelineers
  2 eidola (Vaults:3)
  11 merfolk impalers
  9 deep elf death magi
  2 fire dragons
  9 vault guards
  3 deep elf high priests (Elf:3)
  Josephine (Orc:3)
  3 yaktaur captains
  2 great orbs of eyes
  An ice dragon (shapeshifter) (D:15)
  Harold (D:11)
  13 ogre magi
  2 ice dragons
  A rakshasa (Vaults:1)
  4 hydras
  Erica (Lair:6)
  A catoblepas (D:14)
  9 merfolk avatars
  An alligator snapping turtle (Shoals:4)
  A tengu warrior (D:15)
  17 dancing weapons (Elf:2)
  4 merfolk aquamancers
  9 centaur warriors
  16 death yaks
  A deep troll shaman (Vaults:3)
  2 satyrs
  Urug (D:13)
  A hell knight (Vaults:2)
  3 fire crabs
  Erolcha (D:10)
  6 deep trolls (Vaults:3)
  17 sea snakes
  15 deep elf knights
  A flayed ghost (Vaults:2)
  8 hill giants
  A giant orange brain (shapeshifter) (Vaults:2)
  20 deep elf conjurers
  5 deep elf summoners
  A wizard (D:14)
  22 harpies
  16 griffons
  9 ironbrand convokers
  5 orc knights
  4 hornets (Spider:3)
  2 necromancers
  3 moths of wrath
  26 orb spiders
  5 large abominations (Elf:1)
  5 water nymphs
  8 fauns
  33 ugly things
  A moth of wrath (shapeshifter) (D:15)
  2 fauns (shapeshifter)
  An orc sorcerer (Orc:3)
  5 elephants (Lair:6)
  27 wolf spiders
  9 manticores
  4 drowned souls
  A phantasmal warrior (Vaults:2)
  14 sirens
  5 black mambas
  A frost giant skeleton (Vaults:3)
  Joseph (D:12)
  10 cyclopes
  2 gargoyles
  9 vault sentinels
  An orange demon (Elf:3)
  A fire drake (shapeshifter) (Vaults:1)
  2 kobold demonologists (Vaults:3)
  28 yaktaurs
  32 spiny frogs
  13 demonic crawlers
  An efreet (D:15)
  2 komodo dragons (shapeshifter)
  3 komodo dragons
  An elf (shapeshifter) (D:14)
  2 fire drakes
  3 freezing wraiths (Vaults:3)
  A troll (shapeshifter) (Vaults:1)
  13 deep elf priests
  A giant leech (Lair:7)
  54 merfolk
  25 jumping spiders
  5 trolls
  20 two-headed ogres
  A queen bee (shapeshifter) (D:14)
  Grinder (D:6)
  A raiju (shapeshifter) (Vaults:1)
  25 blink frogs
  A hornet zombie (D:14)
  3 wind drakes
  7 boulder beetles
  4 ravens (D:15)
  32 slime creatures
  16 snapping turtles
  A flying skull (Vaults:3)
  The ghost of hulla the Changer, an average OpTm (D:4)
  The ghost of Impoz the Magician, an average OpWz (D:3)
  5 basilisks
  A stone giant simulacrum (Vaults:1)
  A slime creature (shapeshifter) (Vaults:2)
  7 wraiths
  6 wyverns
  18 deep elf magi
  42 redbacks
  A vampire (D:13)
  36 trapdoor spiders
  A spriggan (shapeshifter) (Elf:3)
  13 hippogriffs
  29 tarantellas
  22 deep elf fighters
  A hog (shapeshifter) (Vaults:2)
  17 water elementals
  79 yaks
  24 vampire mosquitoes
  A hungry ghost (D:14)
  A soldier ant (D:12)
  15 swamp worms (Spider:1)
  5 wargs
  3 wolves (Lair:5)
  A mottled dragon (D:13)
  12 water moccasins
  35 spiders
  21 boggarts
  A deep dwarf (shapeshifter) (Vaults:1)
  25 orc warriors
  18 porcupines
  An eye of draining (D:10)
  5 sky beasts
  A black bear (D:11)
  2 necrophages (D:13)
  3 phantoms
  24 centaurs
  An elf simulacrum (Vaults:1)
  7 ice beasts
  12 wasps
  4 boring beetles
  58 ogres
  7 big kobolds
  A brain worm (D:15)
  32 giant frogs
  A boring beetle (shapeshifter) (Vaults:1)
  11 crocodiles
  2 elf zombies (Elf:1)
  Blork the orc (D:6)
  A gnoll sergeant (D:12)
  6 scorpions
  2 human simulacra (Vaults:3)
  35 killer bees
  4 centaur zombies
  9 crimson imps
  A giant frog zombie (D:12)
  11 hounds
  10 electric eels
  8 jellies
  2 goliath beetles
  15 orc priests
  2 centaur skeletons
  14 worker ants
  8 iguanas
  2 giant frog skeletons
  3 hell rats (Elf:1)
  2 killer bee zombies
  29 orc wizards
  43 sheep
  3 hound skeletons
  3 mummies
  A worker ant zombie (D:9)
  29 adders
  10 gnolls
  40 river rats
  3 giant mites
  3 shadow imps
  A river rat (shapeshifter) (Vaults:3)
  An ufetubus (Elf:3)
  9 worms
  2 adder skeletons
  6 giant geckos
  183 orcs
  A bat skeleton (D:8)
  3 giant cockroaches
  5 gnoll skeletons (Ossuary)
  25 hobgoblins
  5 jackals
  15 quokkas
  24 bats
  2 giant gecko skeletons (D:8)
  7 giant newts
  3 giant spores
  25 goblins
  A jackal skeleton (D:8)
  34 kobolds
  6 kobold skeletons (Ossuary)
  14 orc skeletons (Ossuary)
  A quokka zombie (D:7)
  25 rats
  12 ballistomycetes
  2 butterflies (D:5)
  3 crawling corpses (Vaults:2)
  6 plants
  4 tentacles
2174 creatures vanquished.

Vanquished Creatures (collateral kills)
  Aizul (Shoals:5)
  An ogre (Orc:4)
2 creatures vanquished.

Vanquished Creatures (others)
  17 spectral weapons
  An ugly thing (D:15)
  8 drowned souls
  2 two-headed ogres (Orc:4)
  10 chimeras (Elf:2)
  A boggart (Vaults:2)
  An ogre (D:12)
  7 lost souls
  A hound (D:8)
  A hell rat (Elf:1)
  A goblin (Orc:2)
  A giant spore (D:8)
  25 fungi
  27 plants
  33 tentacles
  2595 tentacle segments
2731 creatures vanquished.

Grand Total: 4907 creatures vanquished

Notes
Turn   | Place    | Note
--------------------------------------------------------------
     0 | D:1      | Fusha, the Draconian Venom Mage, began the quest for the Orb.
     0 | D:1      | Reached XP level 1. HP: 14/14 MP: 3/3
   341 | D:1      | Reached XP level 2. HP: 10/20 MP: 0/4
  1056 | D:2      | Reached XP level 3. HP: 24/26 MP: 0/6
  1061 | D:2      | Learned a level 3 spell: Mephitic Cloud
  1617 | D:2      | Reached skill level 1 in Conjurations
  1784 | D:3      | Reached XP level 4. HP: 34/34 MP: 5/8
  1983 | D:3      | Noticed Impoz's ghost (average OpWz)
  2143 | D:2      | Gained mutation: Scrolls take you a little longer to read. [potion of mutation]
  2143 | D:2      | Gained mutation: Your body is slowly deteriorating. [potion of mutation]
  2143 | D:2      | Gained mutation: You are agile. (Dex +2) [potion of mutation]
  2158 | D:3      | Killed Impoz's ghost
  2158 | D:3      | Reached skill level 1 in Fighting
  2158 | D:3      | Reached skill level 5 in Poison Magic
  2158 | D:3      | Reached XP level 5. HP: 24/40 MP: 6/11
  2165 | D:3      | Lost mutation: Scrolls take you a little longer to read. [potion of cure mutation]
  2165 | D:3      | Lost mutation: Your body is slowly deteriorating. [potion of cure mutation]
  2165 | D:3      | Lost mutation: You are agile. (Dex +2) [potion of cure mutation]
  2358 | D:3      | Reached XP level 6. HP: 30/47 MP: 0/12
  3065 | D:4      | Found Amusuwuni's Magic Scroll Shoppe.
  3186 | D:4      | Found a glowing drain.
  3197 | Sewer    | Entered a sewer
  3447 | Sewer    | Found a white marble altar of Elyvilon.
  3491 | Sewer    | Became a worshipper of Elyvilon the Healer
  3573 | D:4      | Bought a scroll of blinking for 75 gold pieces
  3573 | D:4      | Bought a scroll of blinking for 75 gold pieces
  3573 | D:4      | Bought a scroll of enchant weapon for 75 gold pieces
  3847 | D:4      | Noticed hulla's ghost (average OpTm)
  3863 | D:4      | Killed hulla's ghost
  3863 | D:4      | Reached skill level 1 in Invocations
  3863 | D:4      | Your scales start taking on a glossy black colour.
  3863 | D:4      | Gained mutation: You are resistant to electric shocks. [draconian maturity]
  3863 | D:4      | Reached XP level 7. HP: 43/55 MP: 15/15
  3952 | D:4      | Reached skill level 6 in Poison Magic
  4164 | D:5      | Entered Level 5 of the Dungeon
  4459 | D:5      | Reached skill level 1 in Throwing
  4459 | D:5      | Reached XP level 8. HP: 49/62 MP: 6/18
  4529 | D:5      | Learned a level 4 spell: Olgreb's Toxic Radiance
  4532 | D:5      | Learned a level 2 spell: Cure Poison
  4588 | D:5      | Acquired Elyvilon's first power
  4907 | D:5      | Found a staircase to the Ecumenical Temple.
  5093 | D:6      | Noticed Blork the orc
  5101 | D:6      | Killed Blork the orc
  5235 | D:6      | Found Ylon's Food Boutique.
  5487 | D:6      | Noticed Grinder
  5501 | D:6      | Killed Grinder
  5510 | D:6      | Gained mutation: Your flesh is heat resistant. [potion of beneficial mutation]
  5695 | D:6      | Identified a -2 rod of shadows (13/13) (You found it on level 6 of the Dungeon)
  5724 | D:6      | Acquired Elyvilon's second power
  5985 | D:6      | Reached skill level 5 in Spellcasting
  6436 | D:7      | Reached XP level 9. HP: 52/68 MP: 17/21
  6716 | D:7      | Reached skill level 7 in Poison Magic
  6773 | D:7      | Found a sand-covered staircase.
  6782 | Ossuary  | Entered an ossuary
  6985 | Ossuary  | Reached skill level 5 in Dodging
  7461 | D:7      | Reached skill level 1 in Long Blades
  7786 | D:7      | Reached skill level 5 in Invocations
  7864 | D:8      | Reached skill level 5 in Conjurations
  7962 | D:8      | Noticed a centaur skeleton
  7970 | D:8      | Killed a centaur skeleton
  8104 | D:8      | Acquired Elyvilon's third power
  8133 | D:8      | Reached skill level 1 in Shields
  8438 | D:8      | Found Graet's Magic Scroll Boutique.
  8447 | D:8      | Bought a scroll of enchant weapon for 82 gold pieces
  8447 | D:8      | Bought a scroll of enchant weapon for 82 gold pieces
  8447 | D:8      | Bought 2 scrolls of identify for 44 gold pieces
  8958 | D:8      | Reached XP level 10. HP: 78/78 MP: 19/23
  9388 | D:9      | Found an opulent altar of Gozag.
  9389 | D:9      | Found a deep blue altar of Sif Muna.
  9669 | D:9      | Found an opulent altar of Gozag.
 10075 | D:10     | Entered Level 10 of the Dungeon
 10075 | D:10     | Noticed a hill giant
 10089 | D:10     | Killed a hill giant
 10285 | D:10     | Reached skill level 8 in Poison Magic
 10330 | D:10     | Noticed a centaur warrior
 10347 | D:10     | Killed a centaur warrior
 10817 | D:10     | Reached skill level 1 in Air Magic
 10820 | D:10     | Noticed Erolcha
 10830 | D:10     | Killed Erolcha
 10830 | D:10     | Reached XP level 11. HP: 85/85 MP: 10/26
 10913 | D:10     | Acquired Elyvilon's fourth power
 11164 | D:11     | Noticed Harold
 11189 | D:11     | Killed Harold
 11751 | D:11     | Found a staircase to the Orcish Mines.
 12182 | D:11     | Found a staircase to the Lair.
 12908 | Lair:1   | Entered Level 1 of the Lair of Beasts
 13086 | Lair:1   | Reached skill level 5 in Fighting
 13552 | Lair:1   | Reached skill level 9 in Poison Magic
 14249 | Lair:2   | Acquired Elyvilon's fifth power
 14431 | Lair:2   | Reached XP level 12. HP: 82/94 MP: 23/29
 15187 | Lair:3   | Found a staircase to the Shoals.
 15512 | Lair:3   | Noticed Gastronok
 15545 | Lair:3   | Killed Gastronok
 16215 | Lair:3   | Reached skill level 5 in Long Blades
 16371 | Lair:3   | Reached skill level 1 in Evocations
 16377 | Lair:3   | Reached skill level 10 in Poison Magic
 17113 | Lair:4   | Reached skill level 5 in Stealth
 18428 | Lair:5   | Reached XP level 13. HP: 66/103 MP: 17/30
 19025 | Lair:5   | Found a hole to the Spider Nest.
 19584 | Lair:6   | Noticed Snorg
 19606 | Lair:6   | Killed Snorg
 19981 | Lair:6   | Got an ancient lapis lazuli ring
 19982 | Lair:6   | Identified the ring of Eliepp {MP+9 EV+2 Str+3} (You found it on level 6 of the Lair of Beasts)
 19994 | Lair:6   | Noticed Erica
 20005 | Lair:6   | Killed Erica
 20222 | Lair:6   | Reached skill level 10 in Spellcasting
 21451 | Lair:7   | Found a staircase to the Slime Pits.
 22079 | Lair:7   | Reached skill level 11 in Poison Magic
 23368 | Lair:8   | Entered Level 8 of the Lair of Beasts
 23491 | Lair:8   | Gained mutation: Your wings are large and strong. [draconian growth]
 23491 | Lair:8   | Reached XP level 14. HP: 101/113 MP: 32/32
 23927 | Lair:8   | HP: 5/114 [giant frog (7)]
 25966 | Lair:8   | Reached skill level 10 in Dodging
 26464 | Orc:1    | Entered Level 1 of the Orcish Mines
 26466 | Orc:1    | Found Shapon's Gadget Shoppe.
 26648 | D:8      | Bought a scroll of acquirement for 572 gold pieces
 26753 | D:10     | Noticed a centaur warrior
 26768 | D:10     | Killed a centaur warrior
 26993 | Orc:1    | Found Mne Deor's Jewellery Emporium.
 27400 | Orc:2    | Found Thuoj's Antique Weapon Shoppe.
 27803 | Orc:1    | Found Mniaroem's Magic Scroll Shoppe.
 27815 | Orc:1    | Bought a scroll of blinking for 90 gold pieces
 28040 | Orc:3    | Found a staircase to the Elven Halls.
 28167 | Orc:3    | Noticed Josephine
 28173 | Orc:3    | Killed Josephine
 28452 | Orc:4    | Entered Level 4 of the Orcish Mines
 29043 | Orc:4    | HP: 3/116 [two-headed ogre/giant spiked club (24)]
 29443 | Orc:3    | Reached skill level 12 in Poison Magic
 29443 | Orc:3    | Reached XP level 15. HP: 114/123 MP: 19/34
 29663 | Orc:4    | Found Saixussamock's Weapon Shoppe.
 29663 | Orc:4    | Found Quniapos' Antique Armour Shop.
 29664 | Orc:4    | Found Jodatyugh's Book Shop.
 29664 | Orc:4    | Found Deyluat's General Store.
 29901 | Orc:4    | Bought a book of Clouds for 720 gold pieces
 29909 | Orc:4    | Learned a level 6 spell: Poisonous Cloud
 29923 | Orc:4    | Learned a level 3 spell: Ozocubu's Armour
 30173 | D:12     | Learned a level 2 spell: Shroud of Golubria
 30177 | D:12     | Learned a level 3 spell: Spectral Weapon
 30182 | D:12     | Learned a level 4 spell: Throw Icicle
 30185 | D:12     | Learned a level 2 spell: Song of Slaying
 30187 | D:12     | Learned a level 1 spell: Infusion
 30193 | D:12     | Learned a level 5 spell: Venom Bolt
 30320 | D:12     | Learned a level 3 spell: Conjure Flame
 30467 | D:12     | Noticed Joseph
 30471 | D:12     | Killed Joseph
 32009 | D:14     | Noticed Urug
 32021 | D:13     | Killed Urug
 32039 | D:14     | Noticed Frances
 32046 | D:14     | Killed Frances
 32569 | D:14     | Noticed Maud
 32580 | D:14     | Killed Maud
 33034 | D:14     | Found a gate to the Vaults.
 33624 | D:15     | Entered Level 15 of the Dungeon
 33624 | D:15     | Found Blihis' Gadget Boutique.
 33629 | D:15     | Bought an ornate deck of wonders for 240 gold pieces
 33704 | D:15     | Found Psih's Antique Armour Boutique.
 33730 | D:15     | Bought a pair of embroidered boots for 94 gold pieces
 33737 | D:15     | Identified a +1 pair of boots of running (You bought it in a shop on level 15 of the Dungeon)
 33863 | D:15     | Reached skill level 1 in Charms
 34045 | D:15     | Found Kukaust's Book Shoppe.
 34272 | D:15     | Found a staircase to the Depths.
 34464 | D:15     | Found Jyxel's General Store.
 34520 | D:15     | Found Pnuriz's Weapon Shoppe.
 34833 | Shoals:1 | Entered Level 1 of the Shoals
 34837 | Shoals:1 | Reached XP level 16. HP: 134/134 MP: 35/35
 35000 | Shoals:1 | Reached skill level 10 in Long Blades
 35361 | Shoals:1 | Reached skill level 10 in Fighting
 36439 | Shoals:2 | Reached skill level 1 in Ice Magic
 36527 | Shoals:2 | Reached skill level 1 in Translocations
 36807 | Shoals:2 | Found Frimm's General Store.
 38047 | Shoals:3 | Noticed Asterion
 38151 | Shoals:3 | Noticed a spectral weapon
 38151 | Shoals:3 | Killed Asterion
 38512 | Shoals:3 | Noticed Roxanne
 38541 | Shoals:3 | Killed Roxanne
 38541 | Shoals:3 | Reached skill level 1 in Hexes
 38543 | Shoals:3 | Identified Roxanne's Papyrus of Stones (You took it off Roxanne on level 3 of the Shoals)
 40143 | Shoals:4 | Reached XP level 17. HP: 141/141 MP: 36/36
 40210 | Shoals:4 | Learned a level 4 spell: Condensation Shield
 41011 | Shoals:4 | Reached skill level 13 in Dodging
 41414 | Shoals:5 | Entered Level 5 of the Shoals
 42394 | Shoals:5 | Learned a level 3 spell: Dazzling Spray
 42796 | Shoals:5 | Learned a level 2 spell: Stoneskin
 43011 | Shoals:5 | Got a barnacled rune of Zot
 43512 | Shoals:5 | Noticed Ilsuiw
 43517 | Shoals:5 | Noticed Aizul
 43817 | Shoals:5 | Killed Aizul
 44133 | Shoals:5 | Killed Ilsuiw
 44743 | Spider:1 | Entered Level 1 of the Spider Nest
 45833 | Shoals:1 | Got a warped long sword
 45835 | Shoals:1 | Identified the +10 long sword of the Fray {slice, MR+ Str-4 Int+6 Dex-4} (You found it on level 1 of the Shoals)
 46428 | Spider:2 | Noticed Louise
 46440 | Spider:2 | Killed Louise
 46904 | Spider:3 | Reached XP level 18. HP: 113/151 MP: 37/37
 47159 | Spider:3 | Noticed Agnes
 47173 | Spider:3 | Killed Agnes
 48795 | Spider:3 | Reached skill level 14 in Dodging
 49095 | Spider:4 | Paralysed by a hornet for 2 turns
 49399 | Spider:4 | Paralysed by a hornet for 2 turns
 49521 | Spider:3 | Reached skill level 10 in Conjurations
 50164 | Spider:4 | Identified the Guide on Sinister Secrets and Flight (You found it on level 4 of the Spider Nest)
 50207 | Spider:5 | Entered Level 5 of the Spider Nest
 50297 | Spider:5 | Noticed Arachne
 50756 | Spider:5 | Killed Arachne
 50982 | Spider:5 | Reached skill level 5 in Charms
 52330 | Spider:5 | Got a gossamer rune of Zot
 52994 | Orc:4    | Bought a book of Alchemy for 1200 gold pieces
 53000 | Orc:4    | Learned a level 5 spell: Ignite Poison
 53436 | Slime:1  | Entered Level 1 of the Pits of Slime
 53593 | Shoals:1 | Reached XP level 19. HP: 160/160 MP: 38/38
 53599 | Shoals:1 | Learned a level 4 spell: Olgreb's Toxic Radiance
 53913 | Elf:1    | Entered Level 1 of the Elven Halls
 53962 | Elf:1    | Reached skill level 1 in Fire Magic
 54665 | Elf:1    | Noticed Rupert
 54670 | Elf:1    | Killed Rupert
 55171 | Elf:1    | Reached skill level 1 in Transmutations
 55196 | Elf:1    | Identified the Volume of Black Rites (You found it on level 1 of the Elven Halls)
 55881 | Elf:2    | Found a runed gate.
 55882 | Elf:2    | Found a runed gate.
 55882 | Elf:2    | Found a runed gate.
 56642 | Elf:3    | Entered Level 3 of the Elven Halls
 56645 | Elf:3    | Found a shimmering altar of Xom.
 56847 | Orc:4    | Bought a bread ration for 60 gold pieces
 57137 | D:6      | Bought a bread ration for 55 gold pieces
 57137 | D:6      | Bought a bread ration for 55 gold pieces
 57137 | D:6      | Bought a bread ration for 55 gold pieces
 57137 | D:6      | Bought a bread ration for 55 gold pieces
 57137 | D:6      | Bought a meat ration for 55 gold pieces
 58929 | Elf:3    | Got a steaming long sword
 58937 | Elf:2    | Identified the cursed -1 long sword "Xenni Pigrou" {freeze, rC+ Str+4 Dex+4} (You found it on level 3 of the Elven Halls)
 60274 | Elf:3    | Reached XP level 20. HP: 126/168 MP: 3/40
 60534 | Elf:3    | Identified Sif Muna's Papyrus of Shifting Earth (You found it on level 3 of the Elven Halls)
 60563 | Elf:3    | Identified the Compendium of Dusty Evil (You found it on level 3 of the Elven Halls)
 60599 | Elf:3    | Got a bound golden ring
 60601 | Elf:3    | Identified the ring "Akuih" {AC+1 Str+5} (You took it off a deep elf annihilator on level 3 of the Elven Halls)
 61057 | Vaults:1 | Entered Level 1 of the Vaults
 61158 | Vaults:1 | Reached skill level 15 in Spellcasting
 61318 | Vaults:1 | Found a portal to a secret trove of treasure.
 61421 | Vaults:1 | Reached skill level 15 in Dodging
 62424 | Elf:3    | Learned a level 6 spell: Poison Arrow
 62580 | Elf:3    | Reached skill level 5 in Ice Magic
 65100 | Vaults:2 | Reached skill level 15 in Poison Magic
 65719 | Vaults:2 | Learned a level 4 spell: Force Lance
 66778 | Vaults:2 | Reached XP level 21. HP: 119/176 MP: 6/41
 68210 | Vaults:3 | Found a staircase to the Crypt.
 68273 | Vaults:3 | Reached skill level 16 in Spellcasting
 69051 | Vaults:3 | Shot with a bolt by a yaktaur

Action                   |  1- 3 |  4- 6 |  7- 9 | 10-12 | 13-15 | 16-18 | 19-21 || total
-------------------------+-------+-------+-------+-------+-------+-------+-------++-------
Melee: Club              |    33 |       |       |       |       |       |       ||    33
       Unarmed           |     7 |       |       |       |       |       |       ||     7
       Mace              |    12 |    20 |    29 |       |       |       |       ||    61
       Short sword       |     2 |    55 |       |       |       |       |       ||    57
       Long sword        |       |       |   132 |   409 |  1352 |  1505 |   703 ||  4101
       Staff             |       |       |    15 |       |       |       |       ||    15
Throw: Javelin           |       |     1 |     9 |     3 |     3 |       |       ||    16
       Stone             |       |       |     7 |       |       |       |       ||     7
       Tomahawk          |       |       |     3 |       |       |       |       ||     3
 Cast: Sting             |    79 |    99 |   205 |   270 |   332 |   192 |    32 ||  1209
       Mephitic Cloud    |       |     1 |     4 |    14 |    56 |    13 |       ||    88
       Cure Poison       |       |       |     1 |    35 |    24 |    37 |     7 ||   104
       Olgreb's Toxic Ra |       |       |       |    39 |    44 |       |       ||    83
       Venom Bolt        |       |       |       |       |     9 |   186 |   310 ||   505
       Ozocubu's Armour  |       |       |       |       |     3 |    90 |    48 ||   141
       Spectral Weapon   |       |       |       |       |     3 |    22 |    14 ||    39
       Poisonous Cloud   |       |       |       |       |     3 |    12 |    28 ||    43
       Shroud of Golubri |       |       |       |       |       |    88 |       ||    88
       Infusion          |       |       |       |       |       |    15 |       ||    15
       Condensation Shie |       |       |       |       |       |    30 |       ||    30
       Conjure Flame     |       |       |       |       |       |     4 |    10 ||    14
       Song of Slaying   |       |       |       |       |       |     1 |       ||     1
       Dazzling Spray    |       |       |       |       |       |    21 |       ||    21
       Ignite Poison     |       |       |       |       |       |       |    15 ||    15
       Poison Arrow      |       |       |       |       |       |       |    68 ||    68
Invok: Greater Healing   |       |       |       |       |       |       |    14 ||    14
 Abil: Breathe Lightning |       |       |     3 |       |     1 |       |       ||     4
       Fly               |       |       |       |       |     1 |       |       ||     1
Evoke: Wand              |       |       |       |    11 |    31 |    29 |     7 ||    78
       Phial of floods   |       |       |       |       |       |     1 |       ||     1
       Box of beasts     |       |       |       |       |       |       |    12 ||    12
       Deck              |       |       |       |       |       |       |     1 ||     1
  Use: Potion            |       |     7 |     1 |       |     7 |    14 |     4 ||    33
       Scroll            |       |     5 |    12 |    13 |    20 |    18 |    21 ||    89
 Stab: Sleeping          |     1 |     1 |     1 |     9 |    15 |    13 |     5 ||    45
       Distracted        |       |       |     1 |       |     2 |     4 |     2 ||     9
       Confused          |       |       |       |     4 |    10 |       |       ||    14
       Paralysed         |       |       |       |       |    10 |       |       ||    10
       Invisible         |       |       |       |       |       |     3 |       ||     3
  Eat: Bread ration      |     1 |       |       |       |     6 |    12 |     7 ||    26
       Meat ration       |       |     2 |     2 |     3 |     8 |     2 |     4 ||    21
       Fruit             |       |       |     7 |       |       |    16 |     4 ||    27
       Beef jerky        |       |       |       |     8 |     3 |     4 |     2 ||    17
       Pizza             |       |       |       |     2 |     2 |     1 |     1 ||     6
       Royal jelly       |       |       |       |       |     1 |     1 |       ||     2
